 Dungeon Crawl Stone Soup version 0.16.1-11-g651b585 (webtiles) character file.

7 Galdon the Caller (level 2, -2/22 HPs)
             Began as a Naga Summoner on Apr 6, 2015.
             Slain by a goblin (3 damage)
             ... on level 1 of the Dungeon.
             The game lasted 00:05:47 (275 turns).

Galdon the Caller (Naga Summoner)                    Turns: 275, Time: 00:05:47

Health: -2/22      AC:  2    Str: 10    XL:     2   Next: 0%
Magic:  1/4        EV:  9    Int: 15    God:
Gold:   35         SH:  0    Dex: 11    Spells: 1 memorised, 4 levels left

rFire  . . .     SeeInvis +     (no weapon)
rCold  . . .     Clarity  .     f - +0 leather armour
rNeg   . . .     SustAb   .     (no shield)
rPois  +         Gourm    .     (no helmet)
rElec  .         Spirit   .     (no cloak)
rCorr  .         Warding  .     (no gloves)
rMut   .         Stasis   .     (no barding)
MR     .....                    (no amulet)
Stlth  ++........               (no ring)
                                (no ring)

@: very slow, not resistant to hostile enchantments, unstealthy
A: spit poison, see invisible, deformed body, poison resistance, slowness 2
a: Spit Poison


You were on level 1 of the Dungeon.
You were not hungry.

You visited 1 branch of the dungeon, and saw 1 of its levels.

You collected 35 gold pieces.

Inventory:

Missiles
 h - 10 stones (quivered)
 k - 5 tomahawks
Armour
 a - a +0 robe
 f - a +0 leather armour (worn)
Potions
 e - a potion of haste {unknown}
 g - a potion of magic {unknown}
 i - a potion of mutation {unknown}
Books
 b - a book of Callings

   Spells                             Type                      Level
   a - Summon Small Mammal            Summoning                    1
   b - Call Imp                       Summoning                    2
   c - Call Canine Familiar           Summoning                    3
   d - Summon Guardian Golem          Hexes/Summoning              4
   e - Summon Lightning Spire         Summoning/Air                4
   f - Summon Ice Beast               Ice/Summoning                4
Comestibles
 c - 3 bread rations
 d - a meat ration
 j - 2 chunks of flesh


   Skills:
 + Level 0.1 Armour
 + Level 1.5 Dodging
 + Level 3.0 Stealth
 * Level 2.0 Spellcasting
 * Level 4.3 Summonings


You had 4 spell levels left.
You knew the following spells:

 Your Spells              Type           Power        Failure   Level  Hunger
a - Summon Small Mammal   Summ           ##..         8%          1    #......


Dungeon Overview and Level Annotations

Branches:
Dungeon (1/15)

Altars:


Innate Abilities, Weirdness & Mutations

You cannot wear boots.
You can spit poison.
You have supernaturally acute eyesight.
Armour fits poorly on your strangely shaped body.
Your system is resistant to poisons.
You cover ground very slowly.


Message History

The stone barely misses the kobold.
The bat hits your rat but does no damage.
Your rat bites the goblin.
Your quokka bites the kobold.
You barely miss the goblin.
The goblin is severely wounded.
Your bat closely misses the goblin.
The goblin hits you.
* * * LOW HITPOINT WARNING * * *
The bat barely misses your rat.
Your quokka barely misses the kobold.
The kobold hits your quokka but does no damage.
Your rat barely misses the goblin.
You closely miss the goblin.
The goblin is severely wounded.
The bat closely misses your rat.
Your bat closely misses the goblin.
The goblin closely misses you.
Your quokka closely misses the kobold.
Your rat barely misses the goblin.
You barely miss the goblin.
The goblin is severely wounded.
The bat closely misses your rat.
Your quokka closely misses the goblin.
The goblin hits you.
You die...

#.# #.##.# #.#
#รท##.# #. #....#
#.# #.##.#
#...#####.##.#
#.......>##.#
#####.###b..###.#
.......#rr.#####.#
.......)g@.......#
.....$.#Kb.......#
..... #.........#
.... #.....>...#
... #.........# .
###########


You could see a goblin, a bat, a kobold, a friendly quokka, a friendly bat and a
friendly rat.

Vanquished Creatures
  A giant gecko (D:1)
  A kobold (D:1)
  A rat (D:1)
3 creatures vanquished.

Vanquished Creatures (collateral kills)
  2 bats (D:1)
  A kobold (D:1)
  2 rats (D:1)
5 creatures vanquished.

Vanquished Creatures (others)
  3 rats (D:1)
3 creatures vanquished.

Grand Total: 11 creatures vanquished

Notes
Turn   | Place    | Note
--------------------------------------------------------------
     0 | D:1      | Galdon, the Naga Summoner, began the quest for the Orb.
     0 | D:1      | Reached XP level 1. HP: 15/15 MP: 3/3
   267 | D:1      | Reached XP level 2. HP: 5/22 MP: 0/4
   273 | D:1      | HP: 1/22 [goblin (3)]
   275 | D:1      | Slain by a goblin

Action                   || total
-------------------------++-------
Melee: Unarmed           ||    28
Throw: Stone             ||    12
 Cast: Summon Small Mamm ||    13
